 Dungeon Crawl Stone Soup version 0.30.1-11-g7821555f0a (webtiles) character file.

Game seed: 9203332050848560797

8 lonewolfV2 the Trooper (level 2, 0/24 HPs)
             Began as a Demonspawn Fighter on Oct 27, 2023.
             Frozen to death by an endoplasm (1 damage)
             ... on level 1 of the Dungeon.
             The game lasted 00:00:23 (172 turns).

lonewolfV2 the Trooper (Demonspawn Fighter)          Turns: 172, Time: 00:00:24

Health: 0/24       AC:  6    Str: 16    XL:     2   Next: 0%
Magic:  2/2        EV:  8    Int:  9    God:
Gold:   32         SH:  4    Dex: 12    Spells: 1/1 levels left

rFire   . . .        a - +0 war axe
rCold   . . .        c - +0 buckler
rNeg    . . .        b - +0 scale mail
rPois   .            (no helmet)
rElec   .            (no cloak)
rCorr   .            (no gloves)
SInv    .            (no boots)
Will    .....        (no amulet) Stlth
                     (no ring)
HPRegen 0.24/turn    (no ring)
MPRegen 0.08/turn

%: no passive effects
@: no status effects
A: demonic touch 1
a: no special abilities


You were on level 1 of the Dungeon.
You visited 1 branch of the dungeon, and saw 1 of its levels.

You collected 32 gold pieces.

Inventory:

Hand Weapons
 a - a +0 war axe (weapon)
Armour
 b - a +0 scale mail (worn)
 c - a +0 buckler (worn)
Potions
 d - a potion of might
 e - a potion of brilliance {unknown}
 f - a potion of attraction {unknown}


   Skills:
 + Level 3.1 Fighting
 + Level 2.0 Axes
 + Level 2.8 Armour
 + Level 2.8 Shields


You had one spell level left.
You didn't know any spells.
Your spell library was empty.

Dungeon Overview and Level Annotations

Branches:
Dungeon (1/15)

Altars:


Innate Abilities, Weirdness & Mutations

Your touch may inflict minor irresistible damage on your foes.


Message History

A frilled lizard comes into view.
The frilled lizard hisses angrily.
There are monsters nearby!
There are monsters nearby!
The frilled lizard unfolds its giant frill.
The ball python bites you. The ball python closely misses you.
There is a stone staircase leading down here.
You barely miss the frilled lizard. You hit the ball python.
The ball python bites you. The ball python barely misses you.
The frilled lizard bites you. The ball python completely misses you.
The ball python grabs you. The ball python constricts you.
You hit the frilled lizard.
The frilled lizard is heavily wounded.
You hit the ball python.
You kill the ball python!
The frilled lizard closely misses you.
An endoplasm comes into view.
The frilled lizard bites you but does no damage.
Your Axes skill increases to level 2!
You slash the frilled lizard!
You kill the frilled lizard!
You have reached level 2!
Your demonic ancestry asserts itself...
Your hands begin to faintly glow with unholy energy.
Found 5 stones.
The endoplasm freezes you.
You are frozen.
The endoplasm freezes you.
You are frozen.
The endoplasm freezes you.
You are frozen.
* * * LOW HITPOINT WARNING * * *
The endoplasm freezes you.
You are frozen.
* * * LOW HITPOINT WARNING * * *
The endoplasm hits you.
* * * LOW HITPOINT WARNING * * *
The endoplasm freezes you.
You are frozen.
You die...

...##.#.#.#
..##.##.#.# #.. .#
#.# .##.##....# #..
.# ... ##.# #....##
#.. .#... .##
#.....###.# .#.# ..##
####...##.##??.#
...## #.....##......#
....##..#...##..J...#
.....##.###.##..@#
#.....#.....).>#(#
##......######.#.#
.##..(..# #.#.#
#.##...## #.#.#
#.....## #.#..
####### #.### #.# #..


You could see an endoplasm.

Vanquished Creatures
  2 ball pythons (D:1)
  A bat (D:1)
  A hobgoblin (D:1)
  2 kobolds (D:1)
  A frilled lizard (D:1)
7 creatures vanquished.

Notes
Turn   | Place    | Note
-------+----------+-------------------------------------------
     0 | D:1      | lonewolfV2 the Demonspawn Fighter began the quest for the
                  | Orb.
     0 | D:1      | Reached XP level 1. HP: 18/18 MP: 1/1
   164 | D:1      | Gained mutation: Your touch may inflict minor irresistible
                  | damage on your foes. [demonic ancestry]
   164 | D:1      | Reached XP level 2. HP: 16/24 MP: 2/2
   171 | D:1      | HP: 1/24 [endoplasm (2)]
   172 | D:1      | Frozen to death by an endoplasm

Illustrated notes

Levels and vault maps discovered:
D:1:      psy_arrival_spokes, layout_basic, serial_aquarium,
          aquarium_bridge_square [aquarium_subvault_bridge,
          aquarium_subvault_wall, aquarium_subvault_bridge,
          aquarium_subvault_balcony], aquarium_window_2, aquarium_window_1,
          aquarium_window_3, aquarium_view_2d, aquarium_balcony_1b,
          aquarium_pool_corner

Skill      XL: |  1 |
---------------+----+-----
Axes           | 2 |  2.0
Fighting       | |  3.1
Armour         | |  2.8
Shields        | |  2.8

Action                     || total
---------------------------++-------
  Melee: War axe           ||    25
 Armour: Scale mail        ||    18
  Dodge: Dodged            ||    13
  Block: Buckler           ||     8
